AoeStats
← Peshmerga424

African Clearing

510605584Analyzed
4v4 RM · 1d ago on Oct 1, 2026· 58m 11s· 8 players
Game mode
Random Map
Map size
Large (8 player)
Population
200
Speed
Normal
Resources
Standard
Victory
Conquest
Starting age
Dark Age
Ending age
Imperial Age
RankedLock teamsTeams togetherTeam positionsShared explorationLock speedFull tech treeHidden civsTurbo modeCheats
Victory
Defeat
🇮🇱 Romans · Israel
1099
+17
🇸🇪 Turks · Sweden
1086
+18
🇹🇷 Persians · Türkiye
1059
+19
🇷🇺 Burmese · Russia
1043
+19
🇲🇽 Aztecs · Mexico
1128
-19
🇫🇷 Varangians · France
1126
-18
🇦🇷 Tatars · Argentina
1116
-18
🇫🇷 Huns · France
1108
-18
Nuhro
5:10 Loom
14:54 Feudal Age
18:35 Fletching
25:11 Castle Age
24:54 Double-Bit Axe
25:05 Gold Mining
26:13 Bodkin Arrow
28:17 Bow Saw
40:03 Horse Collar
41:36 Bloodlines
41:34 Scale Barding Armor
42:13 Gold Shaft Mining
41:31 Stone Mining
45:24 Imperial Age
43:18 Heavy Plow
43:56 Wheelbarrow
45:39 Chain Barding Armor
45:32 Forging
45:02 Cavalier
45:43 Husbandry
50:10 Plate Barding Armor
50:11 Iron Casting
52:56 Light Cavalry
52:57 Savar
54:47 Blast Furnace
54:57 Hussar
55:49 Padded Archer Armor
56:03 Masonry
56:32 Stone Shaft Mining
56:14 Hand Cart
55:50 Town Watch
58:01 Architecture
57:29 Murder Holes
58:07 Crop Rotation
58:40 Conscription
Peshmerga424
13:29 Feudal Age
13:33 Feudal Age
13:56 Feudal Age
17:49 Castle Age
16:36 Double-Bit Axe
16:35 Horse Collar
20:02 Bow Saw
20:28 Loom
21:19 Wheelbarrow
30:33 Imperial Age
29:25 Hand Cart
28:57 Town Watch
30:17 Forging
30:12 Scale Barding Armor
31:19 Bloodlines
32:20 Husbandry
37:16 Conscription
37:51 Heavy Camel Rider
41:39 Iron Casting
42:33 Chain Barding Armor
45:46 Plate Barding Armor
52:35 Heavy Plow
53:37 Blast Furnace
54:02 Two-Man Saw
76561199137489861
4:19 Loom
13:48 Feudal Age
14:26 Man-at-Arms
19:09 Horse Collar
20:03 Scale Mail Armor
24:35 Castle Age
22:49 Stone Mining
23:19 Fletching
25:18 Long Swordsman
27:19 Crossbowman
28:09 Gambesons
28:08 Elite Skirmisher
32:01 Bodkin Arrow
36:10 Wheelbarrow
43:24 Imperial Age
43:26 Two-Handed Swordsman
44:24 Chain Mail Armor
44:20 Forging
44:22 Champion
47:56 Heavy Plow
48:50 Plate Mail Armor
49:39 Ballistics
49:43 Hand Cart
51:12 Squires
51:50 Iron Casting
53:44 Conscription
58:35 Blast Furnace
hyperxrev
11:09 Loom
17:02 Feudal Age
27:01 Castle Age
25:25 Double-Bit Axe
25:32 Gold Mining
25:24 Horse Collar
25:46 Stone Mining
27:25 Wheelbarrow
33:09 Bow Saw
37:52 Hand Cart
41:55 Imperial Age
42:28 Heavy Scorpion
44:52 Siege Engineers
46:21 Ballistics
46:12 Fortified Wall
49:08 Chemistry
antonio35604
3:49 Loom
12:29 Feudal Age
12:57 Town Watch
13:56 Double-Bit Axe
15:10 Fletching
14:53 Man-at-Arms
16:16 Gold Mining
22:27 Castle Age
21:11 Arson
21:54 Forging
21:45 Scale Mail Armor
23:41 Squires
23:53 Stone Mining
23:54 Gambesons
23:51 Long Swordsman
24:49 Horse Collar
29:11 Iron Casting
30:57 Wheelbarrow
33:54 Stone Shaft Mining
35:28 Gold Shaft Mining
39:43 Imperial Age
42:18 Conscription
48:54 Pikeman
Krazhaël
4:49 Loom
14:18 Feudal Age
18:21 Fletching
29:28 Castle Age
33:11 Castle Age
31:05 Double-Bit Axe
36:16 Bow Saw
36:25 Gold Mining
36:30 Stone Mining
43:19 Squires
43:46 Pikeman
48:59 Horse Collar
49:44 Scale Mail Armor
49:55 Forging
49:46 Arson
50:40 Chain Mail Armor
55:24 Imperial Age
53:31 Wheelbarrow
52:41 Town Watch
56:50 Siege Engineers
57:08 Ballistics
56:14 Elite Varangian Guard
DestroyZz
10:33 Loom
13:22 Feudal Age
19:45 Double-Bit Axe
19:49 Horse Collar
23:32 Castle Age
22:09 Padded Archer Armor
22:03 Fletching
22:13 Padded Archer Armor
22:38 Bloodlines
22:24 Gold Mining
25:05 Bodkin Arrow
25:29 Husbandry
25:59 Leather Archer Armor
28:04 Ballistics
31:55 Husbandry
32:35 Gold Shaft Mining
41:01 Imperial Age
39:23 Wheelbarrow
39:56 Bow Saw
40:34 Hand Cart
42:24 Parthian Tactics
42:07 Thumb Ring
42:58 Heavy Cavalry Archer
46:22 Forging
46:18 Scale Barding Armor
47:18 Light Cavalry
48:05 Bracer
48:41 Iron Casting
48:27 Chain Barding Armor
49:02 Hussar
Papacho007
3:57 Loom
4:15 Loom
4:42 Loom
14:05 Feudal Age
14:53 Double-Bit Axe
17:34 Horse Collar
19:40 Gold Mining
23:32 Castle Age
21:57 Fletching
23:44 Forging
24:25 Heavy Plow
25:33 Bow Saw
25:50 Bodkin Arrow
27:20 Scale Barding Armor
31:31 Iron Casting
32:23 Wheelbarrow
31:34 Town Watch
39:25 Imperial Age
38:10 Ballistics
38:00 Pikeman
45:04 Hand Cart
47:45 Padded Archer Armor
48:46 Blast Furnace
48:03 Halberdier
50:39 Squires
50:25 Arson
52:41 Bracer
52:57 Leather Archer Armor
53:48 Blast Furnace
Connection lost

Rejoining the realm…

Still unreachable

The connection could not be restored.

Session expired

The server has moved on; the page needs a fresh start.